 Dungeon Crawl Stone Soup version 0.31-a0-174-g85c54bcb58 (webtiles) character file.

Game seed: 5989377982159060526

184 qw the Shooter (level 5, -9/50 HPs)
             Began as a Naga Hunter on June 15, 2023.
             Killed by divine providence
             ... invoked by an orc priest
              (10 damage)
             ... on level 3 of the Dungeon.
             The game lasted 00:00:47 (1851 turns).

qw the Shooter (Naga Hunter)                        Turns: 1851, Time: 00:00:47

Health: -9/50      AC:  6    Str: 14    XL:     5   Next: 63%
Magic:  5/5        EV:  9    Int:  9    God:
Gold:   79         SH:  0    Dex: 16    Spells: 4/4 levels left

rFire   . . .        Y - +0 shortbow
rCold   . . .        (shield currently unavailable)
rNeg    . . .        g - +1 leather armour {rPois}
rPois   +            e - +0 helmet
rElec   .            a - +0 cloak
rCorr   .            (no gloves)
SInv    +            (no barding)
Will    .....        (no amulet)
Stlth   ++           (no ring)
HPRegen 0.28/turn    (no ring)
MPRegen 0.09/turn

%: no passive effects
@: about to teleport, short of breath, very slow
A: AC +1, large, see invisible, deformed body, poison resistance, slowness 2,
spit poison 1, naga tail 1
a: Spit Poison


You were on level 3 of the Dungeon.
You visited 1 branch of the dungeon, and saw 3 of its levels.

You collected 79 gold pieces.


Innate Abilities, Weirdness & Mutations

Your serpentine skin is tough. (AC +1)
You have supernaturally acute eyesight. (SInv)
Armour fits poorly on your strangely shaped body.
Your system is resistant to poisons. (rPois)
You cover ground very slowly.
You can spit poison.
You have a snake-like lower body.


   Skills:
 - Level 3.8 Fighting
 + Level 5.3 Ranged Weapons
 - Level 1.5 Dodging
 - Level 1.5 Stealth


You had 4 spell levels left.
You didn't know any spells.
Your spell library was empty.

Inventory:

Hand Weapons
 Y - a +0 shortbow (weapon)
Armour
 a - a +0 cloak (worn)
 e - a +0 helmet (worn)
 f - a +0 pair of gloves
 g - a +1 leather armour of poison resistance (worn)
Scrolls
 b - a scroll of brand weapon {unknown}
 d - 2 scrolls of identify
Potions
 h - a potion of heal wounds {unknown}

Dungeon Overview and Level Annotations

Branches:
Dungeon (3/15)

Altars:
Wu Jian


Message History

The adder is severely wounded.
You have got your breath back.
The adder bites you but does no damage.
1844 ||| INVOKING Spit Poison.
Aiming: Spit Poison (1% risk of failure)
Press: ? - help, Shift-Dir - straight line, f/p - adder The splash of poison misses the adder.
The adder bites you but does no damage. The adder barely misses you.
You shoot an arrow. The arrow hits the adder!
You kill the adder!
You shoot an arrow. The arrow hits the orc.
You kill the orc!
The orc priest mumbles some strange prayers to Beogh against you.
Pain shoots through your body!
You shoot an arrow.
The arrow closely misses the orc priest.
The orc priest mumbles some strange prayers to Beogh against you.
Pain shoots through your body!
1848 ||| READING scroll of teleportation.
As you read the scroll of teleportation, it crumbles to dust.
You feel strangely unstable.
The orc priest looks braver for a moment.
You shoot an arrow. The arrow hits the orc priest!
The orc priest is heavily wounded.
You have got your breath back.
The orc priest mumbles some strange prayers to Beogh against you.
You struggle to resist.
1850 ||| INVOKING Spit Poison.
Aiming: Spit Poison (1% risk of failure)
Press: ? - help, Shift-Dir - straight line, f/p - orc priest The splash of poison hits the orc priest.
The orc priest is poisoned.
The orc priest is heavily wounded.
The orc priest mumbles some strange prayers to Beogh against you.
Pain shoots through your body!
You shoot an arrow. The arrow hits the orc priest.
The orc priest is severely wounded.
The orc priest calls down the wrath of Beogh upon you.
Beogh smites you!
You die...

~~~~..... ...(....(
......... .........
#......## ## #......#
#########... .......#
#.........# .......#
#.........# #......#
####...@%....#
.###...###....###)#####
.# #.#.#...#### o#
.###.....### J.
.....#....# .#.
###..####.# ...# #..#
.# .. # ..## .. .. ...#
#.#


You could see an orc priest (poisoned) and an endoplasm.

Vanquished Creatures
  A black bear (D:2)
  A gnoll (D:1)
  2 adders
  2 worms (D:2)
  3 dart slugs
  3 orcs (D:3)
  6 bats
  2 endoplasms
  A giant cockroach (D:1)
  3 goblins
  4 hobgoblins
  7 kobolds
  2 quokkas (D:2)
  5 ball pythons
  6 frilled lizards
  8 rats
56 creatures vanquished.

Notes
Turn   | Place    | Note
-------+----------+-------------------------------------------
     0 | D:1      | qw the Naga Hunter began the quest for the Orb.
     0 | D:1      | Reached XP level 1. HP: 19/19 MP: 1/1
     0 | D:1      | 0 ||| qw: Version: 0.2-a-29-g511e9b1
     0 | D:1      | 0 ||| qw: Game counter: 5480
     0 | D:1      | 0 ||| qw: Always use a shield: true
     0 | D:1      | 0 ||| qw: God list: Okawaru
     0 | D:1      | 0 ||| qw: Allow faded altars: false
     0 | D:1      | 0 ||| qw: Do Orc after D:15 true
     0 | D:1      | 0 ||| qw: Do second Lair branch before Depths: true
     0 | D:1      | 0 ||| qw: Lair rune preference: random
     0 | D:1      | 0 ||| qw: Plans: Normal
     0 | D:1      | 0 ||| PLANNING D:1-11
    36 | D:1      | 36 ||| INVOKING Spit Poison.
    41 | D:1      | 41 ||| INVOKING Spit Poison.
   107 | D:1      | 107 ||| INVOKING Spit Poison.
   111 | D:1      | 111 ||| INVOKING Spit Poison.
   116 | D:1      | 116 ||| INVOKING Spit Poison.
   117 | D:1      | Reached skill level 4 in Ranged Weapons
   117 | D:1      | Reached XP level 2. HP: 24/26 MP: 2/2
   172 | D:1      | 172 ||| INVOKING Spit Poison.
   178 | D:1      | 178 ||| INVOKING Spit Poison.
   196 | D:1      | 196 ||| INVOKING Spit Poison.
   211 | D:1      | Found a faded altar of an unknown god.
   259 | D:1      | 259 ||| FLEEEEING.
   260 | D:1      | 260 ||| FLEEEEING.
   261 | D:1      | 261 ||| FLEEEEING.
   262 | D:1      | 262 ||| FLEEEEING.
   263 | D:1      | 263 ||| FLEEEEING.
   264 | D:1      | 264 ||| FLEEEEING.
   265 | D:1      | 265 ||| FLEEEEING.
   274 | D:1      | 274 ||| FLEEEEING.
   275 | D:1      | 275 ||| FLEEEEING.
   276 | D:1      | 276 ||| FLEEEEING.
   277 | D:1      | 277 ||| FLEEEEING.
   278 | D:1      | 278 ||| FLEEEEING.
   279 | D:1      | 279 ||| FLEEEEING.
   280 | D:1      | 280 ||| FLEEEEING.
   281 | D:1      | 281 ||| FLEEEEING.
   282 | D:1      | 282 ||| FLEEEEING.
   283 | D:1      | 283 ||| FLEEEEING.
   285 | D:1      | 285 ||| FLEEEEING.
   286 | D:1      | 286 ||| FLEEEEING.
   287 | D:1      | 287 ||| FLEEEEING.
   288 | D:1      | 288 ||| FLEEEEING.
   289 | D:1      | 289 ||| FLEEEEING.
   302 | D:1      | 302 ||| INVOKING Spit Poison.
   327 | D:1      | 327 ||| INVOKING Spit Poison.
   332 | D:1      | Reached XP level 3. HP: 26/32 MP: 3/3
   371 | D:1      | 371 ||| INVOKING Spit Poison.
   376 | D:1      | 376 ||| INVOKING Spit Poison.
   408 | D:1      | 408 ||| INVOKING Spit Poison.
   829 | D:1      | 829 ||| UPGRADING to +0 helmet.
   834 | D:1      | 834 ||| UPGRADING to +1 leather armour of poison
                  | resistance.
   844 | D:1      | 844 ||| DROPPING +0 leather armour.
   845 | D:1      | 845 ||| READING scroll labelled XAIHAXI LENG.
   846 | D:1      | 846 ||| READING scroll labelled QOQUCL WOPS.
   847 | D:1      | 847 ||| READING scroll labelled BIQAOL PIOJY.
   848 | D:1      | 848 ||| READING scroll labelled CUHERO VEXEH.
   849 | D:1      | 849 ||| DROPPING scroll of butterflies.
   885 | D:2      | 885 ||| INVOKING Spit Poison.
   889 | D:2      | 889 ||| INVOKING Spit Poison.
   893 | D:2      | 893 ||| INVOKING Spit Poison.
   918 | D:2      | 918 ||| INVOKING Spit Poison.
   950 | D:2      | 950 ||| INVOKING Spit Poison.
   962 | D:2      | 962 ||| INVOKING Spit Poison.
   988 | D:2      | 988 ||| INVOKING Spit Poison.
   992 | D:2      | 992 ||| INVOKING Spit Poison.
   993 | D:2      | 993 ||| INVOKING Spit Poison.
  1004 | D:2      | 1004 ||| INVOKING Spit Poison.
  1005 | D:2      | Reached skill level 5 in Ranged Weapons
  1005 | D:2      | Reached XP level 4. HP: 39/39 MP: 4/4
  1015 | D:2      | 1015 ||| INVOKING Spit Poison.
  1040 | D:2      | Noticed a black bear
  1043 | D:2      | 1043 ||| INVOKING Spit Poison.
  1048 | D:2      | 1048 ||| INVOKING Spit Poison.
  1048 | D:2      | Killed a black bear
  1049 | D:2      | Reached skill level 3 in Fighting
  1049 | D:2      | Reached XP level 5. HP: 42/50 MP: 5/5
  1090 | D:2      | 1090 ||| INVOKING Spit Poison.
  1093 | D:2      | 1093 ||| INVOKING Spit Poison.
  1099 | D:2      | 1099 ||| INVOKING Spit Poison.
  1145 | D:2      | 1145 ||| INVOKING Spit Poison.
  1581 | D:2      | 1581 ||| INVOKING Spit Poison.
  1598 | D:2      | 1598 ||| UPGRADING to +0 cloak.
  1603 | D:2      | 1603 ||| READING scroll labelled CIAWOCVETOR.
  1704 | D:2      | 1704 ||| READING scroll labelled UDA TEOPREYKENG.
  1705 | D:2      | 1705 ||| READING scroll labelled KOACEA MERA.
  1708 | D:2      | 1708 ||| READING scroll labelled FEWNEU TEITUU.
  1717 | D:3      | Found an ornate altar of the Wu Jian Council.
  1761 | D:3      | 1761 ||| INVOKING Spit Poison.
  1799 | D:3      | 1799 ||| INVOKING Spit Poison.
  1832 | D:3      | 1832 ||| INVOKING Spit Poison.
  1835 | D:3      | 1835 ||| INVOKING Spit Poison.
  1838 | D:3      | 1838 ||| INVOKING Spit Poison.
  1844 | D:3      | 1844 ||| INVOKING Spit Poison.
  1847 | D:3      | HP: 12/50 [orc priest/nerve-wracking pain (10)]
  1848 | D:3      | 1848 ||| READING scroll of teleportation.
  1850 | D:3      | 1850 ||| INVOKING Spit Poison.
  1850 | D:3      | HP: 1/50 [orc priest/nerve-wracking pain (12)]
  1851 | D:3      | Killed from afar by an orc priest

Levels and vault maps discovered:
D:1:      elethiomel_arrival_diamonds, layout_loops_ring,
          shapermc_ecumenical_altar_flowoftime, wad_floor_pattern_2,
          minmay_tromino_mix6
D:2:      layout_basic
D:3:      minmay_goblin_kobold_castle, layout_rooms,
          mainiacjoe_overflow_brackets, mainiacjoe_overflow_cross_hatched,
          minmay_misc_feat_tower, supply_closet_lemuel

Skill      XL: |  1  2  3  4 |
---------------+-------------+-----
Ranged Weapons | 4 5 |  5.3
Fighting       | 3 |  3.8
Dodging        | |  1.5
Stealth        | |  1.5

Action                     |  1- 3 |  4- 6 || total
---------------------------+-------+-------++-------
   Fire: Shortbow          |    54 |    46 ||   100
Ability: Spit Poison       |    22 |    15 ||    37
    Use: Scroll            |     4 |     5 ||     9
 Armour: Leather armour    |     3 |    10 ||    13
  Dodge: Dodged            |     6 |     9 ||    15

Table legend:
 A = Non-vault XP
 B = Vault XP
 C = Vault XP percentage of total XP
 D = Non-vault monster count
 E = Vault monster count
 F = Vault count percentage of total count
                 A         B        C        D         E       F
            +---------+---------+-------+---------+---------+-------
      Total |     230 |      33 |  12.5 |      43 |      13 |  23.2
            +---------+---------+-------+---------+---------+-------
        D:1 |      24 |      28 |  53.8 |      14 |      10 |  41.7
        D:2 |     174 |       0 |   0.0 |      20 |       0 |   0.0
        D:3 |      32 |       5 |  13.5 |       9 |       3 |  25.0
            +---------+---------+-------+---------+---------+-------
